 Dungeon Crawl Stone Soup version 0.31-a0-210-gccc998df9b (webtiles) character file.

Game seed: 2284266956538961292

39 qw the Shooter (level 3, 0/29 HPs)
             Began as a Minotaur Hexslinger on June 29, 2023.
             Slain by a gnoll
             ... wielding a +0 flail
              (4 damage)
             ... on level 2 of the Dungeon.
             The game lasted 00:00:18 (667 turns).

qw the Shooter (Minotaur Hexslinger)                 Turns: 667, Time: 00:00:19

Health: 0/29       AC:  5    Str: 12    XL:     3   Next: 28%
Magic:  3/3        EV: 11    Int: 10    God:
Gold:   27         SH:  0    Dex: 14    Spells: 3/4 levels left

rFire   . . .        Y - +1 sling
rCold   . . .        (no shield)
rNeg    . . .        c - +0 ring mail
rPois   .            (helmet restricted)
rElec   .            (no cloak)
rCorr   .            (no gloves)
SInv    .            (no boots)
Will    .....        (no amulet)
Stlth   +            (no ring)
HPRegen 0.24/turn    (no ring)
MPRegen 0.08/turn

%: no passive effects
@: no status effects
A: horns 2, retaliatory headbutt
a: no special abilities


You were on level 2 of the Dungeon.
You visited 1 branch of the dungeon, and saw 2 of its levels.

You collected 27 gold pieces.


Innate Abilities, Weirdness & Mutations

You have a pair of horns on your head.
You reflexively headbutt those who attack you in melee.


   Skills:
 - Level 2.0 Fighting
 + Level 3.9 Ranged Weapons
 - Level 2.1 Dodging
 - Level 1.0 Spellcasting
 - Level 2.0 Hexes


You had 3 spell levels left.
You knew the following spells:

 Your Spells              Type           Power      Damage    Failure   Level
a - Slow                  Hex            16%        N/A       34%         1

Your spell library contained the following spells:

 Spells                   Type           Power      Damage    Failure   Level
 Inner Flame              Hex/Fire       2%         N/A       83%         3
 Portal Projectile        Hex/Tloc       4%         N/A       83%         3
 Cause Fear               Hex            2%         N/A       98%         4

Inventory:

Hand Weapons
 Y - a +1 sling (weapon)
Armour
 c - a +0 ring mail (worn)
Scrolls
 a - a scroll of identify
Potions
 b - a potion of brilliance {unknown}
 e - a potion of curing
 f - a potion of enlightenment

Dungeon Overview and Level Annotations

Branches:
Dungeon (2/15)

Altars:


Message History

The sling bullet barely misses the gnoll.
You hear a shout!
You shoot a sling bullet. The sling bullet hits the gnoll!
The gnoll is heavily wounded.
The gnoll closely misses you.
A gnoll comes into view. It is wielding a +0 flail.
You shoot a sling bullet.
The sling bullet closely misses the gnoll.
The gnoll barely misses you. You furiously retaliate!
You headbutt the gnoll. You shoot a sling bullet.
The sling bullet hits the gnoll.
The gnoll is almost dead.
The gnoll hits you with a +0 whip. The gnoll barely misses you.
You shoot a sling bullet. The sling bullet hits the gnoll!
You kill the gnoll!
The gnoll barely misses you. You furiously retaliate!
You headbutt the gnoll!
You have reached level 3!
Your experience leads to an increase in your attributes!
Increase (S)trength, (I)ntelligence, or (D)exterity?
You feel agile. x2
You shoot a sling bullet. The sling bullet hits the gnoll.
The gnoll is severely wounded.
The gnoll hits you with a +0 flail. The gnoll misses you.
You shoot a sling bullet.
The sling bullet barely misses the gnoll.
The gnoll hits you with a +0 flail. The gnoll hits you with a +0 whip.
You shoot a sling bullet. The sling bullet hits the gnoll.
You kill the gnoll!
The gnoll completely misses you. You furiously retaliate!
You headbutt the gnoll. The gnoll hits you with a +0 flail!
You shoot a sling bullet.
The sling bullet hits the gnoll but does no damage.
The gnoll is moderately wounded.
The gnoll barely misses you.
You shoot a sling bullet.
The sling bullet closely misses the gnoll.
The gnoll hits you with a +0 flail.
You shoot a sling bullet. The sling bullet hits the gnoll.
The gnoll is heavily wounded.
The gnoll closely misses you. The gnoll hits you with a +0 flail.
You die...

***** *,,,,,,..............#,*
******###.##..7.7....#,*
#......7.7.7...#,* **** *******
#.#.#...7_7....#,, ,,,* *,,,,,*
#.#....7.7.7...#,* **,* *,,,,,***
#.#.....7.7......, ,,,*
*,,,,,,,**#................* *,,*
*,,,,,,,,*#.#...#.........., ,,,*
*,,,,,,,,,#@....#.##.#...#.* *,**
****#.....g)......#*>#...#,, *,*
#.....#.#...#.#*,#,..*,* ,,*
##...##.......#*,*,,,*,*
**********####*###.#####*,,,,,,,*
** *,,,,,,* #.# **,**,*** ,*
*,****,* *,* *,*,*,**
,***,****,********,* *,,***,*
,,,,,,,,,,,,,,,,,,,*******,** **,


You could see a gnoll.

Vanquished Creatures
  2 gnolls (D:2)
  5 ball pythons
  2 endoplasms (D:1)
  2 goblins (D:1)
  A hobgoblin (D:1)
  A quokka (D:1)
  2 frilled lizards
  3 kobolds (D:1)
  A rat (D:1)
19 creatures vanquished.

Notes
Turn   | Place    | Note
-------+----------+-------------------------------------------
     0 | D:1      | qw the Minotaur Hexslinger began the quest for the Orb.
     0 | D:1      | Reached XP level 1. HP: 16/16 MP: 1/1
     0 | D:1      | 0 ||| qw: Version: 0.3-a-24-g62f9e04
     0 | D:1      | 0 ||| qw: Game counter: 6680
     0 | D:1      | 0 ||| qw: Melee chars always use a shield: true
     0 | D:1      | 0 ||| qw: God list: Okawaru
     0 | D:1      | 0 ||| qw: Allow faded altars: false
     0 | D:1      | 0 ||| qw: Do Orc after clearing Dungeon:15 true
     0 | D:1      | 0 ||| qw: Do second Lair branch before Depths: true
     0 | D:1      | 0 ||| qw: Lair rune preference: random
     0 | D:1      | 0 ||| qw: Goals: Normal
     0 | D:1      | 0 ||| PLANNING D:1-11
    47 | D:1      | HP: 3/16 [quokka (4)]
    48 | D:1      | HP: 1/16 [quokka (2)]
   143 | D:1      | Reached skill level 3 in Ranged Weapons
   143 | D:1      | Reached XP level 2. HP: 14/23 MP: 2/2
   250 | D:1      | You fall into a shaft and drop 1 floor!
   299 | D:2      | 299 ||| UPGRADING to +0 leather armour.
   309 | D:2      | 309 ||| DROPPING +0 robe.
   310 | D:2      | 310 ||| READING 3 scrolls labelled NAICWE DIDA.
   311 | D:2      | 311 ||| READING scroll labelled IMINAA ONKYOR.
   312 | D:2      | 312 ||| DRINKING 2 fizzy orange potions.
   313 | D:2      | 313 ||| READING 2 scrolls of identify.
   313 | D:2      | 313 ||| IDENTIFYING silvery potion
   314 | D:2      | 314 ||| DROPPING scroll of poison.
   591 | D:1      | 591 ||| UPGRADING to +0 ring mail.
   601 | D:1      | 601 ||| DROPPING +0 leather armour.
   602 | D:1      | 602 ||| READING 2 scrolls of identify.
   602 | D:1      | 602 ||| IDENTIFYING ruby potion
   603 | D:1      | 603 ||| DROPPING potion of berserk rage.
   646 | D:2      | Found a faded altar of an unknown god.
   662 | D:2      | Reached XP level 3. HP: 23/29 MP: 3/3
   664 | D:2      | HP: 6/29 [gnoll/+0 flail (9)]
   667 | D:2      | Slain by a gnoll

Levels and vault maps discovered:
D:1:      doesnt_arrival_eight_statues, layout_rooms
D:2:      layout_loops_cross, chequers_ecumenical_altar_simple_redux

Skill      XL: |  1  2 |
---------------+-------+-----
Ranged Weapons | 3 |  3.9
Fighting       | 2 |  2.0
Dodging        | |  2.1
Spellcasting   | |  1.0
Hexes          | |  2.0

Action                     || total
---------------------------++-------
   Fire: Sling             ||    67
    Use: Scroll            ||     4
         Potion            ||     1
 Armour: Robe              ||     1
         Leather armour    ||     1
         Ring mail         ||     1
  Dodge: Dodged            ||    25

Table legend:
 A = Non-vault XP
 B = Vault XP
 C = Vault XP percentage of total XP
 D = Non-vault monster count
 E = Vault monster count
 F = Vault count percentage of total count
                 A         B        C        D         E       F
            +---------+---------+-------+---------+---------+-------
      Total |      57 |       0 |   0.0 |      19 |       0 |   0.0
            +---------+---------+-------+---------+---------+-------
        D:1 |      25 |       0 |   0.0 |      15 |       0 |   0.0
        D:2 |      32 |       0 |   0.0 |       4 |       0 |   0.0
            +---------+---------+-------+---------+---------+-------
